 Dungeon Crawl Stone Soup version 0.31-a0-1591-g515db51633 (webtiles) character file.

Game seed: 5793300945811319321

8368 Zonian the Summoner (level 11, -1/47 HPs)
             Began as a Felid Summoner on Jan 6, 2024.
             Was a Believer of Kikubaaqudgha.
             Killed from afar by a steam dragon (27 damage)
             ... with a ball of steam
             ... on level 9 of the Dungeon on Jan 7, 2024.
             The game lasted 01:08:05 (15791 turns).

Zonian the Summoner (Felid Summoner)               Turns: 15791, Time: 01:08:05

Health: -1/47      AC:  2    Str:  4    XL:     11   Next: 9%
Magic:  19/24      EV: 17    Int: 24    God:    Kikubaaqudgha [**....]
Gold:   620        SH:  0    Dex: 16    Spells: 6/27 levels left
                                        Lives:  0   Deaths: 4

rFire   . . .        (weapon unavailable)
rCold   . . .        (shield unavailable)
rNeg    . . .        (body armour unavailable)
rPois   .            (helmet unavailable)
rElec   .            (cloak unavailable)
rCorr   .            (gloves unavailable)
SInv    +            (boots unavailable)
Will    +....        g - amulet of magic regeneration {@e2}
Stlth   ++           (no ring)
HPRegen 0.27/turn    (no ring)
MPRegen 0.59/turn

%: no passive effects
@: inugami summoned
A: very small, claws 1, fangs 3, see invisible, shaggy fur 2, stealthy paws, no
weapons or thrown items, no armour, multi-lived
a: Renounce Religion, Unearth Wretches


You were on level 9 of the Dungeon.
You worshipped Kikubaaqudgha.
Kikubaaqudgha was pleased with you.
You visited 2 branches of the dungeon, and saw 10 of its levels.
You also visited: Bailey.

You collected 620 gold pieces.


Innate Abilities, Weirdness & Mutations

You have sharp claws.
You have razor-sharp teeth.
You have supernaturally acute eyesight. (SInv)
You are covered in thick fur. (AC +2)
Your paws help you pounce on unaware monsters.
You are incapable of wielding weapons or throwing items.
You cannot wear armour.
You gain extra lives every three experience levels.


   Skills:
 - Level 2.6 Dodging
 - Level 2.6 Stealth
 + Level 8.8 Spellcasting
 + Level 10.2 Summonings
 + Level 7.0 Necromancy
 - Level 5.2 Fire Magic
 + Level 5.6 Air Magic


You had 6 spell levels left.
You knew the following spells:

 Your Spells              Type           Power      Damage    Failure   Level
a - Summon Small Mammal   Summ           100%       N/A       1%          1
b - Call Imp              Summ           100%       N/A       1%          2
c - Call Canine Familiar  Summ           56%        N/A       1%          3
d - Summon Blazeheart Go  Fire/Summ      47%        N/A       2%          4
e - Summon Lightning Spi  Summ/Air       48%        N/A       2%          4
f - Swiftness             Air            37%        N/A       1%          3
g - Animate Dead          Necr           44%        N/A       3%          4

Your spell library contained the following spells:

 Spells                   Type           Power      Damage    Failure   Level
 Kiss of Death            Conj/Necr      100%       2d13      1%          1
 Sublimation of Blood     Necr           44%        N/A       1%          2
 Fugue of the Fallen      Necr           44%        N/A       1%          3
 Vampiric Draining        Necr           44%        2d9       1%          3
 Martyr's Knell           Necr/Summ      51%        N/A       1%          4
 Mercury Vapours          Alch/Air       48%        N/A       2%          2
 Dispel Undead            Necr           44%        3d17      3%          4
 Freeze                   Ice            40%        1d6       6%          1
 Sting                    Conj/Alch      40%        1d5       6%          1
 Ensorcelled Hibernation  Hex/Ice        20%        N/A       9%          2
 Anguish                  Hex/Necr       13%        N/A       14%         4
 Frozen Ramparts          Ice            20%        1d4       19%         3
 Hailstorm                Conj/Ice       10%        3d6       19%         3
 Ozocubu's Armour         Ice            10%        N/A       19%         3
 Passwall                 Erth           10%        N/A       19%         3
 Death Channel            Necr           22%        N/A       45%         6
 Manifold Assault         Tloc           10%        N/A       52%         4
 Olgreb's Toxic Radiance  Alch           10%        N/A       52%         4
 Metabolic Englaciation   Hex/Ice        5%         N/A       86%         5
 Sculpt Simulacrum        Ice/Alch       5%         N/A       100%        6

Inventory:

Jewellery
 c - an amulet of faith {!P}
   (You took it off an orc wizard on level 5 of the Dungeon)
 e - a ring of see invisible
   (You took it off a kobold on level 1 of the Dungeon)
 g - an amulet of magic regeneration (around neck) {@e2}
   (You found it on level 7 of the Dungeon)
Wands
 h - a wand of polymorph (7)
   (You found it on level 7 of the Dungeon)
 i - a wand of flame (22)
   (You found it on level 6 of the Dungeon)
 p - a wand of roots (7)
   (You found it on level 9 of the Dungeon)
Scrolls
 a - 2 scrolls of blinking {!r}
 f - 3 scrolls of enchant armour
 l - a scroll of fog
 n - a scroll of revelation
 o - 2 scrolls of teleportation {@r4}
Potions
 b - a potion of magic
 d - 2 potions of might
 j - a potion of invisibility {unknown}
 k - a potion of haste {unknown}
 m - a potion of mutation {unknown}

Dungeon Overview and Level Annotations

Branches:
Dungeon (9/15) Zot: 26185  Temple (1/1) D:6 Zot: 5696  Bailey (visited)
   Lair: D:8-11         Orc: D:9-12

Altars:
Ashenzari
Cheibriados
Dithmenos
Fedhas
Gozag
Hepliaklqana
Kikubaaqudgha
Makhleb
Nemelex Xobeh
Okawaru
Qazlal
Sif Muna
Trog
Uskayaw
Vehumet
Wu Jian
Xom
Yredelemnul
Zin
The Shining One

Shops:
D:3 (   D:5 (

Annotations:
D:4 Blork the orc

##.#.......#.####.####.#
#.'.......#.####.####.#
#########.......#...........#
.....Z.Z..............>######
##########.####.######.###
#.####.######.#
#..........##.#
###........##.# #....@[..##.#
#....ยง...##.# #....ยง....#,*
#....ยงยง...#,* ******
#...8Zh...#,* *,,,,*
#....ZD...#,* *,,,,*
####'#.##.#,* *,,,,*
#......#,* *****,,,,*
#.#.##.#,*


You could see a friendly lightning spire (summoned) and a friendly inugami
(summoned).


Message History

You start resting.
Your inugami disappears in a puff of smoke! ๐Ÿ˜Ž HP[+21]
Your hp is fully restored (47).
You start waiting.
Done waiting.
You swap places.
You swap places.
Unknown command.
Things that are here:
a +0 mace {mace}; a +0 trident {polearm}; an orc corpse
Items here: ))) [[[ โ€ โ€ .
You now have 620 gold pieces (gained 10).
p - a wand of roots (7)
Found a stone staircase leading up.
Unknown command.
You pick up a book of Frost and begin reading...
You add the spells Freeze, Frozen Ramparts and Hailstorm to your library.
Unknown command.
You swap places.
You swap places.
Items here: ))) [[[ รทรท.
Things that are here:
a +0 mace {mace}; a +0 trident {polearm}; an orc skeleton
There is an open door here.
Unknown command.
Casting: Call Canine Familiar (safe; 1% risk of failure)
Confirm with . or Enter, or press ? or * to list all spells.
Okay, then.
Casting: Call Canine Familiar (safe; 1% risk of failure)
Confirm with . or Enter, or press ? or * to list all spells.
You call for your canine familiar and it appears with a howl!
The steam dragon hisses angrily.
The steam dragon breathes steam at you.
The ball of steam misses you. ๐Ÿ˜Ž MP[-3]
You lost 3 mp, and now have 21/24 mp.
Unknown command.
You swap places.
You are engulfed in a cloud of scalding steam.
There is an open door here. ๐Ÿ˜• HP[-3] MP[+1]
You take 3 damage, and now have 44/47 hp.
Unknown command.
Your yak zombie gores the steam dragon.
Unknown command.
Your kobold brigand zombie is engulfed in a cloud of scalding steam. ๐Ÿ˜• MP[+1] ๐Ÿ˜• HP[+1] MP[+1]
Your mp is fully restored (24).
Unknown command.
What are your orders? t - Meow!
Orders for allies: a - Attack new target. r - Retreat! s - Stop attacking. g - Guard the area. f - Follow me.
Anything else - Cancel.
Gang up on whom?
Press: ? - help, Dir - move target, f - steam dragon
Aim: a steam dragon (lightly wounded, ally target) Attack!
The steam dragon breathes steam at you.
The ball of steam misses Jeremiah.
The ball of steam hits you!! ๐Ÿ˜ฎ HP[-20]
You take 20 damage, and now have 25/47 hp.
MASSIVE DAMAGE!! (PAUSE) Jeremiah is engulfed in a cloud of scalding steam.
Jeremiah hits the steam dragon but does no damage.
Your inugami is engulfed in a cloud of scalding steam.
Unknown command.
Casting: Call Canine Familiar (safe; 1% risk of failure)
Confirm with . or Enter, or press ? or * to list all spells.
An electric hum fills the air.
The steam dragon barely misses your inugami.
The steam dragon claws your inugami but does no damage.
Jeremiah is engulfed in a cloud of scalding steam.
Jeremiah hits the steam dragon but does no damage. ๐Ÿ˜ฎ MP[-4]
You lost 4 mp, and now have 20/24 mp.
Unknown command.
The steam dragon bites your inugami. The steam dragon claws your inugami.
Jeremiah hits the steam dragon but does no damage.
Your inugami is engulfed in a cloud of scalding steam.
Your inugami hits the steam dragon. ๐Ÿ˜ฎ HP[+1] MP[+1] Unknown command.
The steam dragon bites your kobold brigand zombie!
The steam dragon completely misses your kobold brigand zombie.
Your kobold brigand zombie is engulfed in a cloud of scalding steam.
Your kobold brigand zombie is destroyed!
Your inugami hits the steam dragon.
Unknown command.
Casting: Summon Lightning Spire (dangerous; 2% risk of failure)
Confirm with . or Enter, or press ? or * to list all spells.
You imbue your familiar with magical energy and its fangs glint viciously.
The steam dragon breathes steam at you. The ball of steam misses your inugami.
The ball of steam hits you!!
Ouch! That really hurt!
You die...
Kikubaaqudgha rasps: "You have failed me!
Welcome... death!"

Skill      XL: |  1  2  3  4  5  6  7  8  9 10 11 |
---------------+----------------------------------+-----
Spellcasting   | 3 4 5 6 7 8 |  8.8
Summonings     | 5 6 7 8 9 10 | 10.2
Necromancy     | 1 3 5 6 7 |  7.0
Fire Magic     | 2 3 5 |  5.2
Air Magic      | 2 3 5 |  5.6
Dodging        | |  2.6
Stealth        | |  2.6

Action                     |  1- 3 |  4- 6 |  7- 9 | 10-12 || total
---------------------------+-------+-------+-------+-------++-------
  Melee: Unarmed           |    68 |    72 |    55 |    13 ||   208
         Bite              |     7 |    11 |    11 |     1 ||    30
         Punch             |       |     1 |       |       ||     1
   Cast: Summon Small Mamm |    66 |    62 |    33 |     2 ||   163
         Call Imp          |     5 |    34 |    35 |     8 ||    82
         Call Canine Famil |       |     9 |    85 |    76 ||   170
         Summon Lightning  |       |       |     1 |    16 ||    17
         Summon Blazeheart |       |       |       |     2 ||     2
         Swiftness         |       |       |       |     1 ||     1
         Animate Dead      |       |       |       |     1 ||     1
 Invoke: Unearth Wretches  |       |       |       |     2 ||     2
  Evoke: Wand              |       |       |     4 |     7 ||    11
    Use: Scroll            |    11 |     3 |     3 |     1 ||    18
         Potion            |       |     6 |     2 |       ||     8
   Stab: Distracted        |     1 |     1 |       |     1 ||     3
         Sleeping          |     1 |       |       |       ||     1
         Paralysed         |       |       |       |     1 ||     1
 Armour: Skin              |    36 |    45 |    46 |    17 ||   144
  Dodge: Dodged            |    82 |    73 |    82 |    20 ||   257

Levels and vault maps discovered:
D:1:      lightli_arrival_statuegarden, layout_rooms
D:2:      layout_loops_corners, amcnicky_mini_pool_small
D:3:      layout_basic, serial_shops, nicolae_shop_competitors_out_of_business
D:4:      layout_cave_pools, mainiacjoe_overflow_six_doors_small,
          hangedman_decor_push, chequers_garden, uniq_blork_the_orc
D:5:      layout_basic, lightli_temple_of_fire, serial_shops, shop
D:6:      layout_gridville, grunt_qazlal_sundering, minitemple,
          minmay_temple_entry_junction_2
D:7:      layout_loops_cross, mainiacjoe_overflow_cross_hatched
D:8:      layout_basic, trog_ov_bears_minmay, amcnicky_altar_gilded, uniq_grum
D:9:      layout_basic, serial_shops, shop, enter_bailey_3, uniq_jeremiah
Temple:   nicolae_temple_two_arcs

Notes
Turn   | Place    | Note
-------+----------+-------------------------------------------
     0 | D:1      | Zonian the Felid Summoner began the quest for the Orb.
     0 | D:1      | Reached XP level 1. HP: 9/9 MP: 4/4
     0 | D:1      | magus.rc [v1.9.6]
    46 | D:1      | HP: 2/9 [quokka (3)]
   147 | D:1      | Reached XP level 2. HP: 10/13 MP: 4/6
   661 | D:1      | HP: 3/13 [kobold/+0 whip (4)]
   662 | D:1      | Reached XP level 3. HP: 4/16 MP: 4/8
  1079 | D:2      | You pick up a book of Burglary and begin reading...
  1079 | D:2      | You add the spells Ensorcelled Hibernation, Swiftness and
                  | Passwall to your library.
  2079 | D:2      | Reached skill level 3 in Spellcasting
  2535 | D:2      | You pick up a book of Burglary and begin reading...
  2558 | D:2      | Learned a level 2 spell: Call Imp
  2562 | D:2      | Learned a level 3 spell: Call Canine Familiar
  2832 | D:3      | Found Hagesm's Weapon Emporium.
  3694 | D:3      | Reached skill level 5 in Summonings
  3694 | D:3      | Reached XP level 4. HP: 21/21 MP: 2/9
  3694 | D:3      | Gained a life (2 lives remaining)
  4006 | D:4      | You pick up a book of Battle and begin reading...
  4006 | D:4      | You add the spells Fugue of the Fallen, Ozocubu's Armour
                  | and Manifold Assault to your library.
  4445 | D:4      | Reached XP level 5. HP: 19/24 MP: 5/11
  4916 | D:4      | Noticed a phantom
  5107 | D:4      | Killed a phantom
  5108 | D:4      | Reached skill level 4 in Spellcasting
  5365 | D:4      | Found a snail-covered altar of Cheibriados.
  5558 | D:4      | Noticed Blork the orc
  5592 | D:4      | HP: 6/24 [hound (5)]
  5859 | D:5      | Entered Level 5 of the Dungeon
  6137 | D:5      | HP: 3/24 [orc wizard/+1 dagger of electrocution (16)]
  6143 | D:5      | HP: 3/24 [white imp/puff of frost (7)]
  6144 | D:5      | HP: 1/24 [white imp (3)]
  6148 | D:5      | Killed from afar by a white imp
  6148 | D:5      | Lost a life (1 life remaining)
  6194 | D:5      | HP: 6/24 [poisoned by a scorpion]
  6197 | D:5      | HP: 1/24 [scorpion (3)]
  6199 | D:5      | Reached skill level 6 in Summonings
  6199 | D:5      | Gained mutation: You are covered in thick fur. (AC +2)
                  | [Felid growth]
  6199 | D:5      | Reached XP level 6. HP: 2/28 MP: 8/13
  6410 | D:5      | Noticed a water moccasin
  6429 | D:5      | Killed a water moccasin
  6702 | D:5      | Found Isheest's Weapon Boutique.
  6733 | D:5      | Reached skill level 5 in Spellcasting
  6777 | D:5      | Reached XP level 7. HP: 21/32 MP: 2/15
  6777 | D:5      | Gained a life (2 lives remaining)
  7499 | D:5      | You pick up a book of Winter and begin reading...
  7499 | D:5      | You add the spells Metabolic Englaciation and Sculpt
                  | Simulacrum to your library.
  7659 | D:5      | Reached skill level 7 in Summonings
  7796 | D:5      | Found a burning altar of Makhleb.
  8471 | D:6      | magus.rc [v1.9.6]
  8549 | D:6      | Found a staircase to the Ecumenical Temple.
  8561 | Temple   | Entered the Ecumenical Temple
  8574 | Temple   | Became a worshipper of Kikubaaqudgha
  8692 | D:6      | Reached skill level 6 in Spellcasting
  8692 | D:6      | Reached skill level 1 in Necromancy
  9062 | D:6      | Slain by an orc warrior
  9062 | D:6      | Lost a life (1 life remaining)
  9328 | D:6      | Found a stormy altar of Qazlal.
  9371 | D:6      | Reached XP level 8. HP: 14/36 MP: 11/18
  9502 | D:6      | Found a radiant altar of Vehumet.
  9514 | D:6      | Reached skill level 2 in Necromancy
  9547 | D:6      | Found an ornate altar of the Wu Jian Council.
  9549 | D:6      | Found a shadowy altar of Dithmenos.
  9584 | D:6      | Found a hazy altar of Hepliaklqana.
  9909 | D:7      | You add the spells Sting, Mercury Vapours and Olgreb's
                  | Toxic Radiance to your library.
  9946 | D:7      | Reached skill level 8 in Summonings
 10108 | D:7      | Found a hide-covered altar of Uskayaw.
 10150 | D:7      | HP: 3/36 [centaur/arrow (17)]
 10438 | D:7      | Learned a level 4 spell: Summon Blazeheart Golem
 10443 | D:7      | Learned a level 4 spell: Summon Lightning Spire
 10711 | D:7      | Reached skill level 3 in Necromancy
 10722 | D:7      | Reached skill level 1 in Fire Magic
 10722 | D:7      | Reached skill level 1 in Air Magic
 11100 | D:7      | Reached skill level 7 in Spellcasting
 11100 | D:7      | Reached skill level 2 in Fire Magic
 11100 | D:7      | Reached skill level 2 in Air Magic
 11211 | D:7      | Reached XP level 9. HP: 39/39 MP: 17/20
 11653 | D:7      | Reached skill level 4 in Necromancy
 11705 | D:8      | Noticed Grum
 11721 | D:8      | Killed Grum
 11779 | D:8      | Reached * piety under Kikubaaqudgha
 11779 | D:8      | You add the spells Kiss of Death, Sublimation of Blood,
                  | Vampiric Draining and Animate Dead to your library.
 11779 | D:8      | Received a gift from Kikubaaqudgha
 11780 | D:8      | Reached skill level 3 in Fire Magic
 11780 | D:8      | Reached skill level 3 in Air Magic
 11930 | D:8      | Reached skill level 9 in Summonings
 12273 | D:8      | Reached skill level 5 in Necromancy
 12291 | D:8      | HP: 3/39 [wight/+5 scimitar (15)]
 12291 | D:8      | Slain by a wight
 12291 | D:8      | Lost a life (0 lives remaining)
 12636 | D:8      | Learned a level 3 spell: Swiftness
 12674 | D:8      | Reached XP level 10. HP: 44/44 MP: 11/22
 12674 | D:8      | Gained a life (1 life remaining)
 12684 | D:8      | Reached skill level 4 in Fire Magic
 12684 | D:8      | Reached skill level 4 in Air Magic
 13017 | D:8      | Found an iron altar of Okawaru.
 13070 | D:8      | Reached skill level 8 in Spellcasting
 13084 | D:8      | Found a bloodstained altar of Trog.
 13696 | D:9      | Noticed Jeremiah
 13733 | D:9      | Found a flagged portal.
 13770 | D:9      | Reached ** piety under Kikubaaqudgha
 13781 | Bailey   | Entered a bailey
 14310 | Bailey   | magus.rc [v1.9.6]
 14334 | Bailey   | Noticed an orc knight
 14336 | Bailey   | Reached skill level 6 in Necromancy
 14381 | Bailey   | Killed an orc knight
 14460 | Bailey   | Slain by an orc warrior
 14460 | Bailey   | Lost a life (0 lives remaining)
 14729 | Bailey   | Reached skill level 5 in Fire Magic
 14812 | Bailey   | Reached skill level 5 in Air Magic
 14829 | Bailey   | Noticed an orc knight
 14841 | Bailey   | Killed an orc knight
 15001 | Bailey   | Reached skill level 10 in Summonings
 15016 | Bailey   | Reached *** piety under Kikubaaqudgha
 15016 | Bailey   | You add the spells Anguish, Dispel Undead, Martyr's Knell
                  | and Death Channel to your library.
 15016 | Bailey   | Received a gift from Kikubaaqudgha
 15033 | Bailey   | Noticed an orc warlord
 15060 | Bailey   | Killed an orc warlord
 15061 | Bailey   | Reached XP level 11. HP: 47/47 MP: 13/24
 15291 | D:9      | Learned a level 4 spell: Animate Dead
 15387 | D:9      | Killed Jeremiah
 15470 | D:9      | Reached skill level 7 in Necromancy
 15697 | D:9      | You pick up a book of Frost and begin reading...
 15697 | D:9      | You add the spells Freeze, Frozen Ramparts and Hailstorm to
                  | your library.
 15791 | D:9      | Killed from afar by a steam dragon

Vanquished Creatures
  A yak (D:9)
  A scorpion (D:5)
  A wight (D:7)
  A hound (D:6)
  An iguana (D:5)
  3 orcs
  2 giant cockroaches (D:1)
  A hobgoblin (Bailey)
  2 jackals (D:1)
  5 kobolds
  A ball python (D:2)
  A bat (D:2)
  A goblin (D:2)
  3 rats (D:1)
24 creatures vanquished.

Vanquished Creatures (collateral kills)
  An orc warlord (Bailey)
  2 orc knights (Bailey)
  Jeremiah (D:9)
  A kobold demonologist (D:9)
  2 hornets
  A wraith (D:7)
  A wyvern (D:7)
  6 yaks
  Grum (D:8)
  A steam dragon (D:9)
  2 water moccasins
  2 black bears (D:8)
  14 orc warriors
  3 ice beasts
  A sky beast (D:8)
  3 centaurs
  3 wolves (D:8)
  A phantom (D:4)
  2 kobold brigands
  2 bullfrogs
  7 wights (D:8)
  A bombardier beetle (D:5)
  5 orc priests
  2 hounds
  4 jellies
  2 sleepcaps (D:5)
  4 iguanas
  7 orc wizards
  5 gnolls (Bailey)
  2 adders
  3 shadow imps (D:5)
  4 white imps
  2 dart slugs (D:2)
  3 ribbon worms
  29 orcs
  4 ball pythons
  4 endoplasms
  2 giant cockroaches
  16 goblins
  9 hobgoblins
  10 jackals
  12 kobolds
  3 quokkas
  3 bats (D:1)
  3 frilled lizards
  3 rats
199 creatures vanquished.

Vanquished Creatures (others)
  A troll (D:9)
  A kobold brigand (D:9)
  A troll zombie (D:9)
  A kobold zombie (D:9)
  A ball python (D:9)
  A ball python zombie (D:9)
6 creatures vanquished.

Grand Total: 229 creatures vanquished

Table legend:
 A = Non-vault XP
 B = Vault XP
 C = Vault XP percentage of total XP
 D = Non-vault monster count
 E = Vault monster count
 F = Vault count percentage of total count
                 A         B        C        D         E       F
            +---------+---------+-------+---------+---------+-------
      Total |    6708 |    5247 |  43.9 |     166 |      56 |  25.2
            +---------+---------+-------+---------+---------+-------
        D:1 |      43 |       0 |   0.0 |      26 |       0 |   0.0
        D:2 |      39 |       0 |   0.0 |      20 |       0 |   0.0
        D:3 |      42 |       0 |   0.0 |       4 |       0 |   0.0
        D:4 |     225 |       0 |   0.0 |      16 |       0 |   0.0
        D:5 |     620 |       0 |   0.0 |      20 |       0 |   0.0
        D:6 |     726 |       0 |   0.0 |      21 |       0 |   0.0
        D:7 |    1677 |       0 |   0.0 |      23 |       0 |   0.0
        D:8 |    2316 |     795 |  25.6 |      23 |       6 |  20.7
        D:9 |    1020 |     420 |  29.2 |      13 |       5 |  27.8
     Bailey |       0 |    4032 | 100.0 |       0 |      45 | 100.0
            +---------+---------+-------+---------+---------+-------

Skill      XL: |  1  2  3  4  5  6  7  8  9 10 11 |
---------------+----------------------------------+-----
Spellcasting   | 3 4 5 6 7 8 |  8.8
Summonings     | 5 6 7 8 9 10 | 10.2
Necromancy     | 1 3 5 6 7 |  7.0
Fire Magic     | 2 3 5 |  5.2
Air Magic      | 2 3 5 |  5.6
Dodging        | |  2.6
Stealth        | |  2.6

Action                     |  1- 3 |  4- 6 |  7- 9 | 10-12 || total
---------------------------+-------+-------+-------+-------++-------
  Melee: Unarmed           |    68 |    72 |    55 |    13 ||   208
         Bite              |     7 |    11 |    11 |     1 ||    30
         Punch             |       |     1 |       |       ||     1
   Cast: Summon Small Mamm |    66 |    62 |    33 |     2 ||   163
         Call Imp          |     5 |    34 |    35 |     8 ||    82
         Call Canine Famil |       |     9 |    85 |    76 ||   170
         Summon Lightning  |       |       |     1 |    16 ||    17
         Summon Blazeheart |       |       |       |     2 ||     2
         Swiftness         |       |       |       |     1 ||     1
         Animate Dead      |       |       |       |     1 ||     1
 Invoke: Unearth Wretches  |       |       |       |     2 ||     2
  Evoke: Wand              |       |       |     4 |     7 ||    11
    Use: Scroll            |    11 |     3 |     3 |     1 ||    18
         Potion            |       |     6 |     2 |       ||     8
   Stab: Distracted        |     1 |     1 |       |     1 ||     3
         Sleeping          |     1 |       |       |       ||     1
         Paralysed         |       |       |       |     1 ||     1
 Armour: Skin              |    36 |    45 |    46 |    17 ||   144
  Dodge: Dodged            |    82 |    73 |    82 |    20 ||   257

Illustrated notes

Table legend:
 A = Kills in this place as a percentage of kills in the entire game.
 B = Kills by you in this place as a percentage of kills by you in the entire game.
 C = Kills by friends in this place as a percentage of kills by friends in the entire game.
 D = Other kills in this place as a percentage of other kills in the entire game.
 E = Experience gained in this place as a percentage of experience gained in the entire game.
 F = Experience gained in this place divided by the number of levels of this place that you have seen.
                   A       B       C       D       E      F
               +-------+-------+-------+-------+-------+----------------------
         Total | 100.0 | 100.0 | 100.0 |   N/A | 100.0 | 1086.8
       Dungeon |  79.7 |  95.7 |  77.9 |   N/A |  66.3 | 880.3
        Bailey |  20.3 |   4.3 |  22.1 |   N/A |  33.7 | 4032.0
               +-------+-------+-------+-------+-------+----------------------

Table legend: (Time is in decaauts)
 A = Elapsed time spent in this place.
 B = Non-inter-level travel time spent in this place.
 C = Inter-level travel time spent in this place.
 D = Time resting spent in this place.
 E = Time spent auto-exploring this place.
 F = Levels seen in this place.
 G = Mean time per level.
                   A        B        C        D        E       F      G
               +--------+--------+--------+--------+--------+-----+--------+
         Total |  15795 |  15625 |    170 |   7186 |   5379 |  11 | 1435.9 |
       Dungeon |  14036 |  13874 |    162 |   5965 |   5341 |   9 | 1559.6 |
        Temple |    303 |    295 |      8 |    278 |      0 |   1 |  303.0 |
        Bailey |   1455 |   1455 |      0 |    943 |     38 |   1 | 1455.0 |
               +--------+--------+--------+--------+--------+-----+--------+

Top non-repeatable levels by time:
     D:6: 2088 daAuts
     D:5: 2002 daAuts
     D:2: 1848 daAuts
     D:7: 1756 daAuts
     D:3: 1528 daAuts
     D:4: 1514 daAuts
     D:8: 1512 daAuts
  Bailey: 1455 daAuts
     D:1: 970 daAuts
     D:9: 813 daAuts
  Temple: 303 daAuts
